 Dungeon Crawl Stone Soup version 0.28.0-53-g5a82cb258f (webtiles) character file.

Game seed: 14590213182721356214

4480 Peloso the Carver (level 10, 0/86 HPs)
             Began as a Minotaur Fighter on July 16, 2022.
             Was a Believer of Okawaru.
             Slain by Grum
             ... wielding a +1 spear
              (6 damage)
             ... on level 8 of the Dungeon.
             The game lasted 00:13:52 (8739 turns).

Peloso the Carver (Minotaur Fighter)                Turns: 8739, Time: 00:13:52

Health: 0/86       AC: 14    Str: 23    XL:     10   Next: 16%
Magic:  9/9        EV:  6    Int:  5    God:    Okawaru [**....]
Gold:   278        SH: 10    Dex: 16    Spells: 9/9 levels left

rFire   . . .      SeeInvis .   a - +5 long sword of Orasish {venom, Dex+4}
rCold   . . .      Faith    .   c - +0 kite shield
rNeg    . . .      Spirit   .   l - +0 plate armour
rPois   .          Reflect  .   (helmet restricted)
rElec   .          Harm     .   (no cloak)
rCorr   .          Rampage  .   (no gloves)
Will    .....                   (no boots)
Stlth   ..........              (no amulet)
HPRegen 0.24/turn               (no ring)
MPRegen 0.11/turn               (no ring)

@: no status effects
A: horns 2, retaliatory headbutt
a: Renounce Religion, Heroism


You were on level 8 of the Dungeon.
You worshipped Okawaru.
Okawaru was pleased with you.
You visited 2 branches of the dungeon, and saw 9 of its levels.
You also visited: Sewer.

You collected 333 gold pieces.
You spent 55 gold pieces at shops.

Inventory:

Hand Weapons
 a - the +5 long sword of Orasish (weapon) {venom, Dex+4}
   (You found it on level 8 of the Dungeon)

   It poisons the flesh of those it strikes.
   Dex:       It affects your dexterity (+4).
 b - a +0 long sword
Missiles
 k - a throwing net (quivered)
Armour
 c - a +0 kite shield (worn)
 l - a +0 plate armour (worn)
Wands
 i - a wand of flame (11)
 v - a wand of iceblast (17)
 y - a wand of mindburst (10)
Scrolls
 e - a scroll of fog
 f - 2 scrolls of enchant armour
 h - a scroll of summoning
 n - 2 scrolls of immolation
 o - a scroll of enchant weapon {unknown}
 p - 2 scrolls of noise {unknown}
 t - a scroll of teleportation {unknown}
 u - 2 scrolls of magic mapping
Potions
 d - a potion of might
 g - 2 potions of flight {unknown}
 j - a potion of mutation
 r - a potion of berserk rage
 w - a potion of ambrosia {unknown}
 x - a potion of invisibility {unknown}
 z - 2 potions of magic {unknown}
 A - 2 potions of heal wounds {unknown}
 B - 2 potions of haste {unknown}
 C - a potion of resistance {unknown}


   Skills:
 + Level 7.6 Fighting
 + Level 12.3 Long Blades
 + Level 9.3 Armour
 + Level 2.3 Dodging
 + Level 1.7 Stealth
 + Level 6.8 Shields
 + Level 0.2 Evocations


You had 9 spell levels left.
You didn't know any spells.
Your spell library contained the following spells:

 Spells                   Type           Power      Damage    Failure   Level
 Pain                     Necr           0%         1d4       100%        1
 Passwall                 Tmut/Erth      0%         N/A       100%        2
 Ignite Poison            Fire/Tmut/Pois 0%         N/A       100%        3
 Mephitic Cloud           Conj/Pois/Air  0%         N/A       100%        3
 Vampiric Draining        Necr           0%         2d6       100%        3
 Petrify                  Tmut/Erth      0%         N/A       100%        4
 Freezing Cloud           Conj/Ice/Air   0%         6-21      100%        5
 Lehudib's Crystal Spear  Conj/Erth      0%         10d2      100%        8
 Animate Skeleton         Necr           Unusable   N/A       N/A         1

Dungeon Overview and Level Annotations

Branches:
Dungeon (8/15)             Temple (1/1) D:5           Sewer (visited)
   Lair: D:8-11

Altars:
Ashenzari
Dithmenos
Hepliaklqana
Kikubaaqudgha
Makhleb
Nemelex Xobeh
Okawaru
Trog
Uskayaw
Wu Jian
Xom
The Shining One

Shops:
D:2 (   D:6 ?

Annotations:
D:4 3 runed translucent doors, DildoBatman's ghost, amateur FoCj
D:5 Dig
D:8 Grum


Innate Abilities, Weirdness & Mutations

You have a pair of horns on your head.
You reflexively headbutt those who attack you in melee.


Message History

Okawaru accepts your kill. Grum barely misses you.
The wolf bites you but does no damage. You block the wolf's attack.
You block the wolf's attack. x2
You block the wolf's attack.
You hit the wolf.
The wolf is lightly wounded.
The wolf bites you.
The wolf bites you but does no damage. x2
Grum hits you but does no damage.
You hit the wolf. You headbutt the wolf.
The wolf is severely wounded.
The wolf bites you but does no damage. x3
Grum hits you from afar with a +1 spear!
The wolf barely misses you.
You slash the wolf!
You kill the wolf!
Okawaru accepts your kill. The wolf bites you. Grum barely misses you.
The wolf bites you. The wolf barely misses you. Grum hits you with a +1 spear!
The wolf barely misses you. You furiously retaliate!
You headbutt the wolf! Grum hits you but does no damage.
You slice Grum!!
Grum is poisoned.
Grum is heavily wounded.
You block the wolf's attack.
Grum bares his teeth.
Grum hits you with a +1 spear!
You hit Grum.
Grum looks as sick as possible!
Grum is heavily wounded.
The wolf bites you.
* * * LOW HITPOINT WARNING * * *
The wolf bites you but does no damage. Grum hits you with a +1 spear!
* * * LOW HITPOINT WARNING * * *
You hit Grum.
Grum looks as sick as possible!
Grum is severely wounded.
The wolf bites you.
* * * LOW HITPOINT WARNING * * *
You hit Grum.
Grum looks as sick as possible!
Grum is almost dead.
The wolf barely misses you. Grum hits you with a +1 spear.
You die...

#####....##
...........
.......#
.......#
.###...# .#
#...# .# #...#
.# ##..#
######## .#
#..(#
##..@...####..
.# #...#
#.)hg..†..!...
.# #...#
##(..###.......
.# #...#
##.>.## #......
##
#...####>..##
...... #
#.........##
..### #
##........# ..#
##......## ##
###....#


You could see Grum (extremely poisoned) and a wolf.

Vanquished Creatures
  A two-headed ogre (D:5)
  A wyvern (D:8)
  Sigmund (D:2)
  6 yaks (D:8)
  A water moccasin (D:5)
  2 orc warriors
  2 sky beasts
  A necrophage (D:4)
  2 wolves (D:8)
  A hornet zombie (D:5)
  A centaur (D:6)
  An ogre (D:4)
  3 phantoms
  2 kobold brigands
  6 bullfrogs
  A scorpion (D:4)
  A water moccasin zombie (D:6)
  A killer bee (D:7)
  A howler monkey (D:4)
  2 bullfrog zombies (D:5)
  3 jellies
  A hound (D:5)
  2 gnoll shamans (D:6)
  Jessica (D:3)
  Ijyb (D:3)
  2 iguanas
  5 orc wizards
  2 howler monkey zombies (D:5)
  7 gnolls
  8 adders
  5 river rats (Sewer)
  A shadow imp (D:6)
  3 ufetubi
  4 worms
  17 orcs
  14 ball pythons
  4 endoplasms
  4 giant cockroaches
  7 goblins
  11 hobgoblins
  3 jackals (D:5)
  28 kobolds
  6 quokkas
  7 bats
  6 frilled lizards
  30 rats
219 creatures vanquished.

Vanquished Creatures (others)
  3 plants (D:6)
3 creatures vanquished.

Grand Total: 222 creatures vanquished

Notes
Turn   | Place    | Note
-------+----------+-------------------------------------------
     0 | D:1      | Peloso the Minotaur Fighter began the quest for the Orb.
     0 | D:1      | Reached XP level 1. HP: 19/19 MP: 0/0
   297 | D:1      | Reached XP level 2. HP: 26/26 MP: 1/1
   570 | D:1      | Got Sif Muna's Grimoire of Earth
   723 | D:1      | Found a faded altar of an unknown god.
   807 | D:1      | Reached XP level 3. HP: 33/33 MP: 2/2
  1048 | D:2      | Noticed Sigmund
  1361 | D:2      | Found Otsiesud's Weapon Shoppe.
  1380 | D:2      | Reached skill level 3 in Long Blades
  1644 | D:3      | Noticed Ijyb
  1658 | D:3      | Killed Ijyb
  1659 | D:3      | Reached XP level 4. HP: 21/40 MP: 3/3
  2082 | D:3      | Noticed Jessica
  2087 | D:3      | Killed Jessica
  2088 | D:3      | Reached skill level 1 in Dodging
  2193 | D:3      | Found a shimmering altar of Xom.
  2230 | D:3      | Reached skill level 4 in Long Blades
  2636 | D:3      | Found an ornate altar of the Wu Jian Council.
  2785 | D:4      | Noticed a bullfrog
  2785 | D:4      | Noticed DildoBatman's ghost (amateur FoCj)
  2793 | D:4      | Found a runed translucent gate.
  2793 | D:4      | Found a runed translucent gate.
  2793 | D:4      | Found a runed translucent gate.
  2861 | D:4      | Reached XP level 5. HP: 39/46 MP: 4/4
  2930 | D:4      | Reached skill level 5 in Armour
  3106 | D:4      | Noticed an ogre
  3114 | D:4      | Killed an ogre
  3115 | D:4      | Reached skill level 1 in Stealth
  3115 | D:4      | Reached XP level 6. HP: 36/53 MP: 5/5
  3196 | D:4      | Reached skill level 5 in Long Blades
  3550 | D:4      | Noticed an orc warrior
  3560 | D:4      | Killed an orc warrior
  3568 | D:4      | Reached XP level 7. HP: 47/60 MP: 6/6
  3689 | D:4      | Reached skill level 6 in Long Blades
  4185 | D:2      | Killed Sigmund
  4186 | D:2      | Reached skill level 5 in Fighting
  4186 | D:2      | Reached skill level 7 in Long Blades
  4469 | D:5      | Entered Level 5 of the Dungeon
  4469 | D:5      | Noticed a two-headed ogre
  4477 | D:5      | Killed a two-headed ogre
  4478 | D:5      | Reached skill level 8 in Long Blades
  4478 | D:5      | Reached XP level 8. HP: 19/69 MP: 7/7
  4769 | D:5      | Reached skill level 9 in Long Blades
  5092 | D:5      | Found a staircase to the Ecumenical Temple.
  5101 | Temple   | Entered the Ecumenical Temple
  5255 | Temple   | Became a worshipper of Warmaster Okawaru
  5510 | D:5      | Reached XP level 9. HP: 69/78 MP: 8/8
  5964 | D:5      | Found a shadowy altar of Dithmenos.
  6150 | D:6      | Reached skill level 10 in Long Blades
  6350 | D:6      | Found a glowing drain.
  6356 | Sewer    | Entered a sewer
  6606 | Sewer    | Reached skill level 5 in Shields
  6682 | Sewer    | Reached * piety under Okawaru
  7552 | D:6      | Found Ekeorr's Magic Scroll Emporium.
  7559 | D:6      | Bought a scroll of identify for 20 gold pieces
  7559 | D:6      | Bought a scroll of magic mapping for 35 gold pieces
  7901 | D:7      | Reached skill level 11 in Long Blades
  8008 | D:7      | Noticed an eight-headed hydra
  8056 | D:8      | Reached ** piety under Okawaru
  8345 | D:8      | Identified the +5 long sword of Orasish {venom, Dex+4}
  8430 | D:8      | Reached skill level 12 in Long Blades
  8430 | D:8      | Reached XP level 10. HP: 58/86 MP: 9/9
  8721 | D:8      | Noticed Grum
  8739 | D:8      | Slain by Grum

Illustrated notes

Levels and vault maps discovered:
D:1:      giann_wishing_wells, layout_loops_cross,
          shapermc_ecumenical_altar_acropolis, grunt_decor_resistance
D:2:      layout_rooms, serial_shops, nicolae_shop_bloodbath_and_beyond,
          uniq_sigmund
D:3:      layout_loops_corners, old_standard_altar,
          pdpol_wu_jian_five_deadly_venoms, minmay_door_square, uniq_jessica,
          uniq_ijyb
D:4:      layout_loops_corners, gammafunk_ghost_split
D:5:      cheibrodos_quashed, layout_loops_corners,
          nicolae_dithmenos_the_darkroom, minmay_temple_entry_mini_moons
D:6:      layout_gridville, portal_sewer_entry_e, serial_shops, shop,
          nicolae_grassy_gnolls
D:7:      minmay_the_grid_octo_triangle [minmay_the_grid_octo_fan_narrow,
          minmay_the_grid_octo_prize_star, minmay_the_grid_octo_checkerflower],
          layout_loops_ring
D:8:      layout_layer_cave, uniq_grum
Temple:   regret_index_temple_generic_petals

Skill      XL: |  1  2  3  4  5  6  7  8  9 |
---------------+----------------------------+-----
Armour         | 4 5 6 7 8 9 |  9.3
Shields        | 4 6 |  6.8
Fighting       | 4 5 6 7 |  7.6
Long Blades    | 3 4 5 8 9 12 | 12.3
Dodging        | 1 2 |  2.3
Stealth        | 1 |  1.7
Evocations     | |  0.2

Action                   |  1- 3 |  4- 6 |  7- 9 | 10-12 || total
-------------------------+-------+-------+-------+-------++-------
Melee: Long sword        |   101 |    77 |   376 |    29 ||   583
       Headbutt          |    10 |    12 |    57 |     5 ||    84
Invok: Heroism           |       |       |       |     1 ||     1
Evoke: Wand              |       |     1 |     2 |       ||     3
  Use: Potion            |       |     1 |     2 |       ||     3
       Scroll            |       |       |     9 |       ||     9
Armor: Scale mail        |    40 |    20 |       |       ||    60
       Chain mail        |       |     6 |     3 |       ||     9
       Plate armour      |       |       |   235 |    19 ||   254
Dodge: Dodged            |    66 |    34 |   102 |    14 ||   216
Block: Buckler           |    23 |    13 |    31 |       ||    67
       Kite shield       |       |       |   143 |    26 ||   169
